 Dungeon Sprint DCSS version 0.20-a0-1101-g1de9d76 (webtiles) character file.

5121 potatolord5000 the Warrior (level 10, -3/126 HPs)
             Began as an Ogre Hunter on May 5, 2017.
             Was the Champion of Cheibriados.
             Killed by divine providence
             ... invoked by a smoke demon
              (13 damage)
             ... in the Dungeon (Sprint V: "Ziggurat Sprint").
             The game lasted 00:08:48 (1276 turns).

potatolord5000 the Warrior (Ogre Hunter)            Turns: 1276, Time: 00:08:49

Health: -3/126     AC: 23    Str: 47    XL:     10   Next: 58%
Magic:  10/10      EV: 13    Int: 27    God:    Cheibriados [******]
Gold:   0          SH:  0    Dex: 20    Spells: 9/9 levels left

rFire    + . .     SeeInvis .   a - +5 giant spiked club (elec)
rCold    + . .     Gourm    .   (shield currently unavailable)
rNeg     . . .     Faith    .   y - +5 gold dragon scales
rPois    +         Spirit   .   (helmet restricted)
rElec    .         Reflect  .   (no cloak)
rCorr    .         Harm     .   (gloves unavailable)
MR       +....     NoTele   +   (boots unavailable)
Stlth    ..........             (no amulet)
Regen    0.4/turn               n - +6 ring of strength
MPRegen  0.2/turn               b - ring "Uraugg" {+Fly Str+5 Dex-4}

@: very slow
A: unfitting armour, tough skin 1
a: Bend Time, Temporal Distortion, Slouch, Step From Time, Renounce Religion,
Evoke Flight


You were in the Dungeon.
You worshipped Cheibriados.
Cheibriados was exalted by your worship.
You were not hungry.

You visited 1 branch

Inventory:

Hand Weapons
 a - a +5 giant spiked club of electrocution (weapon)
Armour
 y - +5 gold dragon scales (worn)
Jewellery
 b - the ring "Uraugg" (right hand) {+Fly Str+5 Dex-4}
   (You found it in the Dungeon)

   [ring of flight]

   It affects your strength (+5).
   It affects your dexterity (-4).
   It lets you fly.
 n - a +6 ring of strength (left hand)
Scrolls
 k - 4 scrolls of blinking
 l - 4 scrolls of amnesia
 m - 3 scrolls of recharging
 p - 7 scrolls of fog
 q - a scroll of holy word
 r - 5 scrolls of identify
 s - 5 scrolls of remove curse
 t - 2 scrolls of fear
Potions
 e - 8 potions of curing
 g - 8 potions of heal wounds
 i - 7 potions of magic
 u - 2 potions of brilliance
 v - 2 potions of invisibility
 w - 4 potions of resistance
 z - 3 potions of agility
 A - 3 potions of might
Comestibles
 c - 42 fruits
 d - 4 meat rations
 f - 5 bread rations


   Skills:
 + Level 15.4 Fighting
 + Level 11.3 Maces & Flails
 - Level 4.0 Throwing
 + Level 10.5 Armour
 + Level 11.6 Dodging
 - Level 0.6 Stealth


You had 9 spell levels left.
You didn't know any spells.

Dungeon Overview and Level Annotations

Branches:
Dungeon (1/1)

Altars:
Ashenzari
Cheibriados
Dithmenos
Elyvilon
Fedhas
Gozag
Hepliaklqana
Kikubaaqudgha
Makhleb
Nemelex Xobeh
Okawaru
Qazlal
Ru
Sif Muna
Trog
Uskayaw
Vehumet
Wu Jian
Xom
Yredelemnul
Zin
The Shining One
Beogh
Jiyva
Lugonu

Annotations:
D 1 transporter


Innate Abilities, Weirdness & Mutations

You are too large for most types of armour.
You have tough skin. (AC +1)


Message History

The smoke demon hits you.
* * * LOW HITPOINT WARNING * * *
The large abomination hits you but does no damage.
The large abomination hits you!
* * * LOW HITPOINT WARNING * * *
You barely miss the crimson imp. The crimson imp barely misses you.
The white imp hits you but does no damage.
The smoke demon closely misses you. The smoke demon barely misses you.
The smoke demon hits you but does no damage.
The small abomination hits you but does no damage.
The large abomination hits you but does no damage.
The large abomination hits you!
* * * LOW HITPOINT WARNING * * *
The crimson imp blinks!
You skewer the crimson imp like a kebab!!!!
You kill the crimson imp!
Cheibriados appreciates the change of pace.
The smoke demon gestures at you. Something smites you!
You die...

▓...).)...▓..(((..▓
▓▓▓▓▓▓▓▓▓▓▓▓▓▓▓▓▓▓▓
▓...8©8...▓
▓..)}::)..▓
▓...|}[:..▓
▓.........▓
▓....5....▓
▓...X.X...▓
▓..53@x...▓
▓...5.....▓
▓.........▓
▓▓▓▓▓▓▓▓▓▓▓


You could see 2 large abominations, a smoke demon, a small abomination, an iron
imp, a quasit and a white imp.

Vanquished Creatures
  A cyclops (D)
  2 draconians (D)
  2 merfolk (D)
  3 hippogriffs (D)
  A ynoxinul (D)
  3 spriggans (D)
  2 tarantellas (D)
  2 yaks (D)
  A water moccasin (D)
  A hell hound (D)
  A porcupine (D)
  A black bear (D)
  3 phantoms (D)
  6 wolves (D)
  7 centaurs (D)
  A bullfrog (D)
  2 scorpions (D)
  A crimson imp (D)
  An iron imp (D)
  An adder (D)
  2 white imps (D)
  2 bat zombies (D)
  A ball python (D)
47 creatures vanquished.

Notes
Turn   | Place    | Note
-------+----------+-------------------------------------------
     0 | D        | potatolord5000 the Ogre Hunter began the quest for the Orb.
     0 | D        | Reached XP level 1. HP: 22/22 MP: 1/1
     3 | D        | Found a blossoming altar of Fedhas.
     4 | D        | Found a viscous altar of Jiyva.
     4 | D        | Found an ancient bone altar of Kikubaaqudgha.
     4 | D        | Found a hazy altar of Hepliaklqana.
     4 | D        | Found a corrupted altar of Lugonu.
     4 | D        | Found an opulent altar of Gozag.
     4 | D        | Found a burning altar of Makhleb.
    14 | D        | Found a stormy altar of Qazlal.
    14 | D        | Found an iron altar of Okawaru.
    14 | D        | Found a sacrificial altar of Ru.
    14 | D        | Found a sparkling altar of Nemelex Xobeh.
    14 | D        | Found a deep blue altar of Sif Muna.
    14 | D        | Found a bloodstained altar of Trog.
    75 | D        | Reached skill level 5 in Fighting
    75 | D        | Reached XP level 2. HP: 35/35 MP: 2/2
    84 | D        | Became a worshipper of Cheibriados the Contemplative
    99 | D        | Entered arena 2.
    99 | D        | Noticed a draconian
    99 | D        | Noticed a draconian
   105 | D        | Killed a draconian
   105 | D        | Reached skill level 9 in Fighting
   105 | D        | Reached skill level 5 in Armour
   105 | D        | Reached XP level 3. HP: 35/52 MP: 3/3
   105 | D        | Reached XP level 4. HP: 40/59 MP: 4/4
   105 | D        | Reached XP level 5. HP: 46/67 MP: 5/5
   105 | D        | Reached XP level 6. HP: 52/76 MP: 6/6
   119 | D        | Killed a draconian
   119 | D        | Reached skill level 11 in Fighting
   119 | D        | Reached XP level 7. HP: 55/88 MP: 7/7
   127 | D        | Was placed under penance by Cheibriados
   129 | D        | Entered arena 3.
   134 | D        | Was forgiven by Cheibriados
   138 | D        | Reached * piety under Cheibriados
   138 | D        | Reached XP level 8. HP: 76/97 MP: 8/8
   143 | D        | Got the ring "Uraugg" {+Fly Str+5 Dex-4}
   152 | D        | Entered arena 4.
   152 | D        | Noticed a tarantella
   152 | D        | Noticed a tarantella
   163 | D        | Killed a tarantella
   174 | D        | Killed a tarantella
   174 | D        | Reached ** piety under Cheibriados
   174 | D        | Reached skill level 12 in Fighting
   322 | D        | Entered arena 5.
   327 | D        | Reached *** piety under Cheibriados
   340 | D        | Entered arena 6.
   353 | D        | Reached **** piety under Cheibriados
   359 | D        | Reached ***** piety under Cheibriados
   364 | D        | Got the ring of the Forsaken Deaths {rPois rC+ rN+ Int+4}
   371 | D        | Entered arena 7.
   371 | D        | Noticed a yak
   371 | D        | Noticed a yak
   372 | D        | Reached XP level 9. HP: 106/109 MP: 9/9
   379 | D        | Reached skill level 13 in Fighting
   387 | D        | Reached ****** piety under Cheibriados
   388 | D        | Reached skill level 10 in Dodging
   413 | D        | Entered arena 8.
   413 | D        | Noticed a cyclops
   419 | D        | Killed a cyclops
   419 | D        | Reached skill level 10 in Maces & Flails
   426 | D        | Reached skill level 14 in Fighting
   568 | D        | Entered arena 9.
   568 | D        | Noticed a merfolk
   568 | D        | Noticed a merfolk
   574 | D        | Killed a merfolk
   581 | D        | Killed a merfolk
   581 | D        | Reached XP level 10. HP: 55/123 MP: 10/10
   588 | D        | Reached skill level 10 in Armour
   954 | D        | Entered arena 10.
   970 | D        | Reached skill level 15 in Fighting
  1268 | D        | Entered arena 11.
  1268 | D        | Noticed a smoke demon
  1276 | D        | Killed from afar by a smoke demon

Vault maps used:
D:        sprint_v

Skill      XL: |  1  2  3  4  5  6  7  8  9 10 |
---------------+-------------------------------+-----
Fighting       | 5 9 11 12 14 15 | 15.4
Maces & Flails | 3 6 7 9 10 11 | 11.3
Armour         | 2 5 6 7 8 9 10 | 10.5
Dodging        | 3 6 7 8 9 10 11 | 11.6
Throwing       | |  4.0
Stealth        | |  0.6

Action                   |  1- 3 |  4- 6 |  7- 9 | 10-12 || total
-------------------------+-------+-------+-------+-------++-------
Melee: Giant spiked club |     4 |    13 |    78 |    44 ||   139
 Abil: Evoke Flight      |       |       |     2 |     1 ||     3
  Use: Potion            |     3 |       |     5 |     2 ||    10
       Scroll            |       |       |     2 |       ||     2
Armor: Gold dragon scale |     3 |     7 |   251 |   119 ||   380
Dodge: Dodged            |     6 |    10 |   231 |   199 ||   446
